 Dungeon Crawl Stone Soup version 0.18-a0-943-g2c08dd4 (webtiles) character file.

120 filipzpl the Insei (level 5, -1/45 HPs)
             Began as a Naga Transmuter on Dec 28, 2015.
             Slain by a gnoll
             ... wielding a +0 whip
              (6 damage)
             ... on level 2 of the Dungeon.
             The game lasted 00:06:32 (3301 turns).

filipzpl the Insei (Naga Transmuter)                Turns: 3301, Time: 00:06:32

Health: -1/45      AC:  3    Str: 15    XL:     5   Next: 4%
Magic:  7/8        EV: 10    Int: 14    God:
Gold:   166        SH:  0    Dex: 12    Spells: 2 memorised, 4 levels left

rFire  + . .     SeeInvis +       - Unarmed
rCold  . . .     Gourm    .     b - +1 robe
rNeg   . . .     Faith    .     (no shield)
rPois  +         Spirit   .     (no helmet)
rElec  .         Dismiss  .     (no cloak)
rCorr  .         Reflect  .     (no gloves)
SustAt .         Harm     .     (no barding)
MR     .....                    (no amulet)
Stlth  +.........               m - +3 ring of strength
                                e - ring of protection from fire

@: very slightly contaminated, very slow, not resistant to hostile enchantments,
very unstealthy
A: see invisible, deformed body, poison resistance, slowness 2, slow metabolism
1, spit poison 2, AC +1
a: Spit Poison


You were on level 2 of the Dungeon.
You were very hungry.

You visited 1 branch of the dungeon, and saw 3 of its levels.

You collected 166 gold pieces.

Inventory:

Missiles
 a - 52 arrows
Armour
 b - a +1 robe (worn)
Jewellery
 e - a ring of protection from fire (left hand)
 m - a +3 ring of strength (right hand)
Scrolls
 h - a scroll of identify
 o - 2 scrolls of remove curse
Potions
 f - a potion of curing {unknown}
 g - a potion of agility {unknown}
 k - a potion of degeneration {unknown}
 n - a potion of mutation {unknown}
Books
 c - a book of Changes

   Spells                             Type                      Level
   a - Beastly Appendage              Transmutation                1
   b - Sticks to Snakes               Transmutation                2
   c - Spider Form                    Transmutation/Poison         3
   d - Ice Form                       Ice/Transmutation            4
   e - Blade Hands                    Transmutation                5
Comestibles
 d - 4 bread rations


   Skills:
 - Level 2.1 Fighting
 - Level 1.5 Dodging
 - Level 3.5 Unarmed Combat
 - Level 2.0 Spellcasting
 + Level 3.2 Transmutations
 + Level 3.1 Poison Magic


You had 4 spell levels left.
You knew the following spells:

 Your Spells              Type           Power        Failure   Level  Hunger
a - Beastly Appendage     Trmt           ##....       10%         1    ##.....
b - Spider Form           Trmt/Pois      ##........   21%         3    ####...


Dungeon Overview and Level Annotations

Branches:
Dungeon (3/15)

Altars:


Innate Abilities, Weirdness & Mutations

You cannot wear boots.
Your serpentine skin is tough (AC +1).
You have supernaturally acute eyesight.
Armour fits poorly on your strangely shaped body.
Your system is resistant to poisons.
You cover ground very slowly.
You have a slow metabolism.
You can spit poison.


Message History

The gnoll is heavily wounded.
The gnoll completely misses you.
You completely miss the gnoll.
The gnoll is heavily wounded.
The gnoll hits you with a whip.
* * * LOW HITPOINT WARNING * * *
You hit the gnoll but do no damage.
The gnoll is heavily wounded.
The gnoll barely misses you.
You barely miss the gnoll.
The gnoll is heavily wounded.
The gnoll hits you with a whip.
* * * LOW HITPOINT WARNING * * *
You hit the gnoll.
The gnoll is severely wounded.
The gnoll hits you but does no damage.
You hit the gnoll but do no damage.
The gnoll is severely wounded.
The gnoll hits you with a whip.
You die...

#...........#.# #####
#..##########.#
##...######..# #.#
#....+.......# ####.###
##....#######.###
#.......
#.....'.........#
#.#..###
#.....#######.#.#
#.#..##. #.....#
###.#.#####.#.....
#..####
#@g............... #.^#
#.#.#.#.###.#..... #..#
#.#.#.#.###.#.###. #..#
#####.[..).((.(.......
#..#
##.....).....###.#....#
#..#
#............###.#....#
#..#
#............'.........
#..#
#............###..#...#
#..# #............#
#..#...#


You could see a gnoll.

Vanquished Creatures
  3 adders (D:2)
  4 gnolls (D:2)
  An ooze (D:2)
  2 worms (D:2)
  5 giant geckos
  7 goblins
  5 hobgoblins
  A quokka (D:2)
  6 bats
  2 giant newts
  6 kobolds
  6 rats
48 creatures vanquished.

Notes
Turn   | Place    | Note
--------------------------------------------------------------
     0 | D:1      | filipzpl the Naga Transmuter began the quest for the Orb.
     0 | D:1      | Reached XP level 1. HP: 18/18 MP: 3/3
   334 | D:1      | Reached XP level 2. HP: 11/25 MP: 5/5
  1151 | D:1      | Reached XP level 3. HP: 17/32 MP: 6/6
  1302 | D:1      | Learned a level 3 spell: Spider Form
  1652 | D:2      | Reached skill level 1 in Poison Magic
  1957 | D:2      | Reached XP level 4. HP: 19/39 MP: 4/7
  2717 | D:2      | Reached XP level 5. HP: 32/45 MP: 4/8
  3301 | D:2      | Slain by a gnoll

Vault maps used:
D:1:      dpeg_arrival_rooms_a
D:3:      nrook_loot_triangle, uniq_grinder, uniq_robin

Action                   |  1- 3 |  4- 6 || total
-------------------------+-------+-------++-------
Melee: Unarmed           |   143 |    70 ||   213
 Cast: Beastly Appendage |     1 |       ||     1
       Spider Form       |     3 |     2 ||     5
  Use: Scroll            |     5 |     5 ||    10
 Stab: Distracted        |       |     1 ||     1
  Eat: Chunk             |     2 |     3 ||     5
